Map: Babylon LE

Players

KarsaOrlong - Winner!

  • Race: Protoss Protoss
  • League: Diamond
  • Spawn Location: 11:00

elcidvlad

  • Race: Zerg Zerg
  • League: Diamond
  • Spawn Location: 5:00

VOD

Have the link to the VOD?

Description

Time

  • Played on: March 12, 2023, 8:03 p.m.
  • Length: 8:58
Show
View Real Time Build Order
Export as new Build Order

KarsaOrlong Protoss - Winner!

Build Orders: 1 Gate Expand, Zealot Archon, Dark Templar Rush 

Get SALT Encoding   

  12  0:01  Probe  
  13  0:13  Probe  
  14  0:21  Pylon  
  14  0:25  Probe  
  15  0:39  Probe (Chrono Boost)  
  15  0:40  Gateway  
  16  0:47  Assimilator  
  17  0:51  Probe (Chrono Boost)  
  17  0:55  Probe (Chrono Boost)  
  18  1:06  Probe  
  19  1:18  Probe  
  20  1:27  Nexus  
  20  1:35  Zealot (Chrono Boost)  
  22  1:41  Pylon  
  22  1:49  Cybernetics Core  
  21  2:00  Zealot  
  23  2:06  Gateway  
  23  2:11  Probe  
  23  2:15  Assimilator  
  26  2:30  Warp Gate  
  26  2:32  Probe (Chrono Boost)  
  26  2:35  Stalker  
  27  2:37  Shield Battery  
  27  2:40  Probe (Chrono Boost)  
  29  2:44  Probe (Chrono Boost)  
  29  2:50  Probe (Chrono Boost)  
  30  2:55  Probe (Chrono Boost)  
  33  3:05  Twilight Council  
  33  3:10  Probe  
  33  3:11  Probe  
  35  3:22  Probe  
  35  3:24  Robotics Facility  
  34  3:29  Probe  
  35  3:34  Probe  
  36  3:41  Dark Shrine  
  36  3:43  Probe  
  36  3:45  Assimilator  
  36  3:46  Probe  
  36  3:47  Assimilator  
  38  3:53  Shield Battery  
  38  3:55  Probe  
  39  4:08  Shield Battery  
  39  4:09  Pylon, Probe  
  40  4:17  Probe  
  40  4:21  Stalker x2  
  40  4:23  Probe  
  46  4:27  Pylon  
  46  4:37  Probe  
  47  4:41  Probe  
  47  4:44  Warp Prism  
  50  4:49  Gateway  
  50  4:51  Gateway  
  50  4:58  Dark Templar  
  52  5:05  Dark Templar  
  54  5:11  Pylon  
  54  5:21  Observer  
  55  5:32  Probe x2  
  57  5:40  Forge  
  57  5:42  Dark Templar x2  
  61  5:47  Pylon, Probe x2  
  63  5:58  Immortal  
  63  5:59  Probe  
  63  6:03  Probe  
  69  6:11  Probe, Gateway  
  69  6:12  Gateway  
  69  6:14  Gateway  
  69  6:16  Gateway  
  70  6:36  Gateway  
  70  6:38  Pylon  
  70  6:40  Pylon  
  70  6:41  Nexus  
  70  6:43  Protoss Ground Weapons Level 1 (Chrono Boost)  
  70  6:44  Pylon  
  70  6:47  Archon x2  
  70  6:52  Immortal  
  74  6:56  Charge (Chrono Boost)  
  74  7:02  Probe x2  
  74  7:06  Shield Battery  
  76  7:23  Pylon  
  76  7:27  Observer  
  77  7:42  Immortal  
  81  7:54  Zealot  
  81  7:55  Zealot x8  
  99  8:15  Zealot x5  
  99  8:16  Zealot x3  
  99  8:20  Zealot x7  
  113  8:28  Probe  
  113  8:29  Probe x2  
  113  8:31  Photon Cannon  
  116  8:36  Photon Cannon  
  116  8:40  Probe  
  116  8:41  Photon Cannon, Probe  
  118  8:44  Pylon  
Show
View Real Time Build Order
Export as new Build Order

elcidvlad Zerg 

Build Orders: Pool First 

Get SALT Encoding   

  12  0:02  Drone  
  13  0:15  Extractor  
  12  0:24  Spawning Pool  
  11  0:28  Drone  
  11  0:34  Drone  
  13  0:39  Drone  
  14  0:44  Extractor  
  14  0:46  Drone  
  15  0:57  Overlord  
  15  1:15  Zergling x2  
  15  1:16  Zergling x2  
  17  1:22  Queen  
  17  1:25  Drone  
  20  1:36  Overlord  
  20  1:47  Drone  
  20  1:53  Metabolic Boost  
  21  1:55  Drone  
  22  2:02  Lair  
  22  2:06  Drone  
  23  2:18  Drone  
  24  2:27  Drone  
  24  2:38  Hatchery  
  24  2:43  Drone x2  
  25  2:49  Drone x2  
  27  2:59  Drone  
  28  3:06  Nydus Network  
  28  3:10  Queen  
  29  3:18  Overlord  
  29  3:36  Drone x2  
  31  3:43  Zergling x6  
  31  3:45  Nydus Canal  
  34  3:51  Queen  
  34  3:54  Drone x2  
  38  4:01  Nydus Canal  
  38  4:02  Drone  
  39  4:05  Drone  
  40  4:14  Drone  
  41  4:18  Nydus Canal  
  41  4:19  Drone  
  41  4:22  Drone  
  43  4:34  Spore Crawler  
  43  4:35  Spore Crawler  
  41  4:38  Drone x2  
  41  4:43  Hatchery  
  41  4:45  Overlord  
  42  4:50  Nydus Canal  
  42  4:51  Drone  
  43  5:04  Overlord  
  43  5:05  Drone x2  
  45  5:08  Hatchery  
  45  5:09  Overlord  
  44  5:15  Drone x3  
  47  5:23  Overlord  
  47  5:24  Overseer  
  47  5:30  Drone x3  
  47  5:31  Drone  
  47  5:33  Zergling x2  
  47  5:35  Nydus Canal  
  52  5:36  Zergling x4  
  52  5:42  Extractor  
  53  5:59  Hatchery  
  53  6:00  Nydus Canal  
  53  6:03  Drone  
  53  6:04  Drone x3  
  56  6:09  Drone  
  54  6:21  Zergling x2  
  54  6:25  Zergling x2  
  55  6:26  Zergling x2  
  55  6:27  Zergling x2  
  55  6:28  Zergling x2  
  55  6:29  Drone x2  
  55  6:31  Zergling x2  
  60  6:38  Drone x2  
  62  6:43  Extractor  
  62  6:44  Extractor, Drone  
  61  6:49  Drone  
  61  6:54  Nydus Canal, Drone  
  62  6:58  Spore Crawler  
  62  7:01  Drone  
  62  7:06  Drone  
  64  7:09  Drone  
  64  7:14  Hatchery  
  62  7:24  Drone x2  
  62  7:25  Drone x2  
  62  7:28  Extractor  
  62  7:29  Extractor  
  64  7:32  Pneumatized Carapace  
  64  7:34  Drone  
  64  7:36  Nydus Canal  
  62  7:53  Drone  
  62  7:56  Drone  
  59  8:07  Zergling x2  
  59  8:10  Overlord, Zergling x4  
  60  8:15  Nydus Network  
  60  8:19  Hydralisk Den  
  58  8:22  Zergling x2  
  59  8:38  Drone  
Tags
 
Add a new tag
Caveats
  • Supply blocks, unpowered buildings, or Contaminate may cause inaccurate times.
  • Supply counts are checked every 10 seconds.